 Dungeon Crawl Stone Soup version 0.25.1-2-g60ff931df9 (webtiles) character file.

Game seed: 17447813389774791750

26523 Lazav66 the Cruncher (level 12, -12/168 HPs)
             Began as a Minotaur Gladiator on Oct 15, 2020.
             Was a High Priest of Okawaru.
             Killed by divine providence
             ... invoked by a smoke demon
              (15 damage)
             ... on level 1 of the Abyss.
             The game lasted 00:30:09 (17432 turns).

Lazav66 the Cruncher (Minotaur Gladiator)          Turns: 17432, Time: 00:30:10

Health: -12/168    AC: 33    Str: 20    XL:     12   Next: 99%
Magic:  14/16      EV:  2    Int:  5    God:    Okawaru [*****.]
Gold:   884        SH:  0    Dex: 16    Spells: 11/11 levels left

rFire    . . .     SeeInvis .   Q - +5 quarterstaff (protect)
rCold    . . .     Gourm    .   (shield currently unavailable)
rNeg     + + +     Faith    .   (armour currently unavailable)
rPois    +         Spirit   .   (helmet currently unavailable)
rElec    .         Reflect  .   (cloak currently unavailable)
rCorr    .         Harm     .   (gloves currently unavailable)
MR       .....     NoTele   +   (boots currently unavailable)
Stlth    +.........             (no amulet)
HPRegen  0.38/turn              (no ring)
MPRegen  0.15/turn              (no ring)

@: mighty, tree-form, protection aura
A: (retaliatory headbutt)
a: Heroism, Finesse, Renounce Religion


You were on level 1 of the Abyss.
You worshipped Okawaru.
Okawaru was extremely pleased with you.
You were not hungry.
You were a tree.
You visited 3 branches of the dungeon, and saw 16 of its levels.
You visited the Abyss 1 time.
You also visited: Bailey.

You collected 884 gold pieces.

Inventory:

Hand Weapons
 a - a +0 quarterstaff
 v - a +0 lajatang
 z - a +2 quarterstaff of chaos
 Q - a +5 quarterstaff of protection (weapon)
Missiles
 d - 5 throwing nets (quivered)
Armour
 c - a +0 hat (melded)
 i - a +1 pair of boots (melded)
 l - a scarf of repulsion
 p - a +1 chain mail of fire resistance (melded)
 s - a +0 cloak (melded)
 w - a +2 leather armour of cold resistance
 y - a +0 scale mail
 R - a +1 pair of gloves (melded)
Wands
 k - a wand of random effects (19)
 o - a wand of paralysis (18)
 x - a wand of acid (11)
 C - a wand of flame (53)
 G - a wand of disintegration (15)
 I - a wand of polymorph (8)
 L - a wand of digging (13)
Scrolls
 b - a scroll of brand weapon {unknown}
 h - 6 scrolls of magic mapping
 j - a scroll of identify
 n - 8 scrolls of remove curse
 u - 3 scrolls of amnesia {unknown}
 B - 4 scrolls of enchant armour
 D - a scroll of fear {unknown}
 F - a scroll of enchant weapon {unknown}
 H - 2 scrolls of fog
 K - 5 scrolls of teleportation
 M - 2 scrolls of immolation {unknown}
Potions
 e - a potion of haste {unknown}
 g - 4 potions of flight
 m - 3 potions of heal wounds {unknown}
 q - 3 potions of might
 r - 3 potions of lignification
 A - 2 potions of curing {unknown}
 E - 4 potions of mutation
 J - 2 potions of brilliance {unknown}
 N - a potion of stabbing {unknown}
 O - a potion of berserk rage {unknown}
 P - a potion of magic {unknown}
Comestibles
 f - 28 rations


   Skills:
 + Level 12.1 Fighting
 - Level 14.0 Staves
 - Level 2.0 Throwing
 + Level 11.8 Armour
 + Level 11.4 Dodging
 + Level 6.9 Invocations


You had 11 spell levels left.
You didn't know any spells.
Your spell library contained the following spells:

 Spells                   Type           Power        Failure   Level  Hunger
 Beastly Appendage        Tmut           #.....       47%         1    ##.....
 Summon Small Mammal      Summ           #...         47%         1    ##.....
 Call Imp                 Summ           #.......     63%         2    ###....
 Poisonous Vapours        Pois/Air       #.....       63%         2    ###....
 Sticks to Snakes         Tmut           #.......     63%         2    ###....
 Call Canine Familiar     Summ           #.......     85%         3    ####...
 Conjure Flame            Conj/Fire      #.......     85%         3    ####...
 Mephitic Cloud           Conj/Pois/Air  #.......     85%         3    ####...
 Spider Form              Tmut/Pois      #.........   85%         3    ####...
 Summon Guardian Golem    Hex/Summ       #.......     85%         3    ####...
 Ice Form                 Ice/Tmut       #.......     99%         4    #####..
 Summon Ice Beast         Ice/Summ       #.......     99%         4    #####..
 Summon Lightning Spire   Summ/Air       #.......     99%         4    #####..
 Blade Hands              Tmut           #.........   100%        5    ######.
 Freezing Cloud           Conj/Ice/Air   #.........   100%        6    #######
 Ring of Flames           Chrm/Fire      #.........   100%        7    #######


Dungeon Overview and Level Annotations

Branches:
Dungeon (12/15)            Temple (1/1) D:5            Lair (3/6) D:11
 Bailey (visited)
  Swamp: Lair:2-4    Shoals: Lair:2-4     Snake: Lair:2-4    Spider: Lair:2-4
    Orc: D:9-12

Altars:
Ashenzari
Cheibriados
Dithmenos
Elyvilon
Fedhas
Gozag
Hepliaklqana
Kikubaaqudgha
Makhleb
Nemelex Xobeh
Okawaru
Qazlal
Ru
Sif Muna
Trog
Uskayaw
Vehumet
Wu Jian
Xom
Yredelemnul
Zin
The Shining One

Shops:
D:11 :   D:12 :[

Portals:
Trove: D:12 (give +4 ice dragon scales)

Annotations:
D:12 3 runed translucent doors
Lair:2 3 runed translucent doors, Frank's ghost, journeyman DsGl


Innate Abilities, Weirdness & Mutations

((You reflexively headbutt those who attack you in melee.))
((You have a pair of horns on your head.))


Message History

You feel very mighty all of a sudden. The hellwing hits you.
* * * LOW HITPOINT WARNING * * *
The hellwing hits you but does no damage.
A raiju comes into view.
The tormentor hits you but does no damage. x2
The raiju barks!
You sock the hellwing!
Your weapon exudes an aura of protection.
The hellwing is moderately wounded.
You sock the hellwing!
The hellwing is heavily wounded.
Your branches slow down.
The hellwing hits you but does no damage. x2
The tormentor hits you but does no damage. x2
You sock the hellwing!
The hellwing is severely wounded.
The smoke demon gestures at you. Something smites you!
You die...

# #. .. # #.
h###. ## .#
##....
#..#.##....# ##
.........
......##.# #
####..#...####.
#....♣.## #. .###
#..#.#24####.#.#.
#..##.34..4.#.. #
#.#......§...#.
......#.#3...5#
#3
#...##.#...###..
. #..##..#...#..
.##. ##.
###...###..3... #
# ..#... .##..#


You could see 2 hellwings, 2 smoke demons, a tormentor and a raiju.

Vanquished Creatures
  A bone dragon (Abyss:1)
  Harold (Lair:2)
  A hydra (D:8)
  An ice dragon (D:11)
  A rakshasa (Abyss:1)
  Erica (D:10)
  A two-headed ogre (D:9)
  Urug (Lair:1)
  An unseen horror (D:10)
  An ugly thing (D:11)
  3 centaur zombies
  2 black mambas (Lair:1)
  Psyche (D:8)
  4 spiny frogs
  A yaktaur (shapeshifter) (Abyss:1)
  2 komodo dragons (Lair:1)
  2 polar bears (D:11)
  A troll (D:12)
  2 dream sheep (D:8)
  5 hippogriffs
  A ynoxinul (Abyss:1)
  2 wyverns (D:8)
  A wraith (D:11)
  18 yaks
  2 hungry ghosts
  A neqoxec (Abyss:1)
  A naga (Lair:2)
  6 water moccasins
  2 large abominations (Abyss:1)
  13 porcupines
  6 orc warriors
  6 sky beasts
  4 phantoms
  An ice beast (D:9)
  A black bear (D:6)
  2 eyes of draining
  5 wolves
  4 ogres
  9 centaurs
  3 crocodiles
  6 big kobolds
  11 bullfrogs
  An earth elemental (Abyss:1)
  A wyvern zombie (D:6)
  A wyvern skeleton (D:8)
  9 killer bees
  6 crimson imps
  4 bullfrog zombies
  7 hounds
  2 jellies
  4 small abominations (Abyss:1)
  3 orc priests (D:12)
  Crazy Yiuf (D:4)
  A bullfrog skeleton (D:11)
  A centaur skeleton (D:11)
  An iron imp (Abyss:1)
  3 orc wizards
  Natasha (twice) (D:4)
  7 iguanas
  7 worker ants
  A hound zombie (D:10)
  A hound skeleton (D:4)
  A worker ant zombie (D:8)
  Robin (D:2)
  3 gnolls (D:3)
  A howler monkey skeleton (D:10)
  14 adders
  2 shadow imps (D:6)
  An ooze (D:7)
  2 adder skeletons
  An adder zombie (D:5)
  2 worms
  A dart slug (D:2)
  5 leopard geckos
  27 orcs
  5 bats
  5 giant cockroaches
  10 hobgoblins
  14 jackals
  5 quokkas
  3 ball pythons
  2 frilled lizards (D:2)
  19 goblins
  19 kobolds
  A leopard gecko zombie (D:7)
  2 rats (D:2)
347 creatures vanquished.

Vanquished Creatures (others)
  An ogre (D:8)
  An adder (D:8)
  A fungus (Lair:1)
  4 plants (D:8)
7 creatures vanquished.

Grand Total: 354 creatures vanquished

Notes
Turn   | Place    | Note
-------+----------+-------------------------------------------
     0 | D:1      | Lazav66 the Minotaur Gladiator began the quest for the Orb.
     0 | D:1      | Reached XP level 1. HP: 18/18 MP: 0/0
    54 | D:1      | Reached XP level 2. HP: 11/25 MP: 1/1
    61 | D:1      | Reached skill level 4 in Staves
   474 | D:1      | Reached skill level 1 in Armour
   841 | D:2      | Reached XP level 3. HP: 29/30 MP: 2/2
   851 | D:2      | Noticed Robin
   875 | D:2      | Killed Robin
   956 | D:2      | Reached XP level 4. HP: 19/38 MP: 3/3
  1502 | D:2      | Reached skill level 5 in Staves
  1968 | D:3      | Reached XP level 5. HP: 30/45 MP: 4/4
  2261 | D:3      | Found a stormy altar of Qazlal.
  3098 | D:4      | Reached skill level 6 in Staves
  3098 | D:4      | Reached XP level 6. HP: 51/52 MP: 5/5
  3264 | D:4      | Found a runed translucent door.
  3265 | D:4      | Noticed Crazy Yiuf
  3337 | D:4      | Found a hide-covered altar of Uskayaw.
  3338 | D:4      | Noticed a +0 hand axe
  3338 | D:4      | Noticed a +0 hand axe
  3551 | D:4      | Noticed Natasha
  3561 | D:4      | Killed Natasha
  3875 | D:4      | Noticed Natasha
  3879 | D:4      | Killed Natasha
  3924 | D:4      | Killed Crazy Yiuf
  3924 | D:4      | Reached XP level 7. HP: 53/60 MP: 6/6
  3968 | D:5      | Entered Level 5 of the Dungeon
  4114 | D:5      | Reached skill level 5 in Dodging
  4186 | D:5      | Reached skill level 7 in Staves
  4635 | D:5      | Found a staircase to the Ecumenical Temple.
  4641 | Temple   | Entered the Ecumenical Temple
  4747 | Temple   | Became a worshipper of Warmaster Okawaru
  4894 | D:6      | Reached skill level 5 in Fighting
  5178 | D:6      | Found a hazy altar of Hepliaklqana.
  5681 | D:7      | Reached XP level 8. HP: 69/69 MP: 7/7
  5713 | D:7      | Reached * piety under Okawaru
  5713 | D:7      | Reached skill level 8 in Staves
  5947 | D:7      | Found a shimmering blue altar of Sif Muna.
  5966 | D:7      | Reached skill level 5 in Armour
  6294 | D:7      | Reached skill level 9 in Staves
  6575 | D:7      | Found an opulent altar of Gozag.
  6864 | D:8      | Reached ** piety under Okawaru
  6880 | D:8      | Reached XP level 9. HP: 13/78 MP: 0/8
  7177 | D:8      | Found a radiant altar of Vehumet.
  7258 | D:8      | Noticed Psyche
  7265 | D:8      | Killed Psyche
  7265 | D:8      | Reached skill level 10 in Staves
  7525 | D:8      | Reached *** piety under Okawaru
  8279 | D:8      | Noticed a three-headed hydra
  8289 | D:8      | Reached skill level 11 in Staves
  8295 | D:8      | Killed a three-headed hydra
  8295 | D:8      | Reached XP level 10. HP: 72/88 MP: 9/9
  8310 | D:8      | Reached **** piety under Okawaru
  9084 | D:9      | Reached skill level 12 in Staves
  9086 | D:9      | Found a flagged portal.
  9101 | Bailey   | Entered a bailey
  9753 | D:9      | Noticed a two-headed ogre
  9761 | D:9      | Killed a two-headed ogre
  9874 | D:9      | Received a gift from Okawaru
 10164 | D:9      | Found an ornate altar of the Wu Jian Council.
 10165 | D:9      | Found a sacrificial altar of Ru.
 10165 | D:9      | Found a shadowy altar of Dithmenos.
 10165 | D:9      | Found a blossoming altar of Fedhas.
 10166 | D:9      | Found a sparkling altar of Nemelex Xobeh.
 10353 | D:9      | Found a bloodstained altar of Trog.
 10459 | D:10     | Entered Level 10 of the Dungeon
 10864 | D:10     | Reached skill level 1 in Invocations
 10945 | D:10     | You fall into a shaft and drop 2 floors!
 11009 | D:12     | Found Wusoel's Antique Armour Shop.
 11149 | D:12     | Found a portal to a secret trove of treasure.
 11181 | D:12     | Reached ***** piety under Okawaru
 11181 | D:12     | Reached XP level 11. HP: 79/97 MP: 10/10
 11293 | D:12     | Reached skill level 13 in Staves
 11308 | D:12     | Found a runed translucent gate.
 11308 | D:12     | Found a runed translucent gate.
 11308 | D:12     | Found a runed translucent gate.
 11308 | D:12     | Noticed a green ugly thing
 11308 | D:12     | Noticed a brown very ugly thing
 11308 | D:12     | Noticed a red ugly thing
 11308 | D:12     | Noticed a green very ugly thing
 11309 | D:12     | Noticed a white ugly thing
 11309 | D:12     | Noticed a purple ugly thing
 11310 | D:12     | Noticed a white ugly thing
 11310 | D:12     | Noticed a white ugly thing
 11314 | D:12     | Noticed a glowing orange brain
 11317 | D:12     | Noticed a glowing orange brain
 11382 | D:12     | Found Obagg's Book Shop.
 11414 | D:12     | Received a gift from Okawaru
 11441 | D:12     | Noticed a deep elf mage
 12132 | D:10     | Noticed Erica
 12145 | D:10     | Killed Erica
 12145 | D:10     | Received a gift from Okawaru
 12395 | D:10     | Killed an unseen horror
 12878 | D:11     | Found Muerat's Book Emporium.
 12976 | D:11     | Reached skill level 10 in Fighting
 13171 | D:11     | Found a staircase to the Lair.
 13240 | D:11     | Noticed a red ugly thing
 13250 | D:11     | Killed a red ugly thing
 13418 | D:11     | Noticed an ice dragon
 13432 | D:11     | Reached skill level 14 in Staves
 13461 | D:11     | Killed an ice dragon
 13461 | D:11     | Reached skill level 10 in Armour
 13612 | D:11     | Reached skill level 10 in Dodging
 13894 | Lair:1   | Entered Level 1 of the Lair of Beasts
 13973 | Lair:1   | Received a gift from Okawaru
 13977 | Lair:1   | Reached XP level 12. HP: 108/108 MP: 14/14
 14319 | Lair:1   | Reached skill level 5 in Invocations
 15481 | Lair:1   | Noticed Urug
 15501 | Lair:1   | Killed Urug
 15834 | Lair:2   | Found a runed translucent gate.
 15834 | Lair:2   | Found a runed translucent gate.
 15834 | Lair:2   | Found a runed translucent gate.
 15834 | Lair:2   | Noticed a five-headed hydra
 15834 | Lair:2   | Noticed Frank's ghost (journeyman DsGl)
 16087 | Lair:2   | Noticed Harold
 16101 | Lair:2   | Killed Harold
 16890 | Lair:3   | Cast into level 1 of the Abyss (naga)
 17290 | Abyss:1  | Noticed a bone dragon
 17323 | Abyss:1  | Killed a bone dragon
 17323 | Abyss:1  | Received a gift from Okawaru
 17368 | Abyss:1  | Noticed a rakshasa
 17380 | Abyss:1  | Killed a rakshasa
 17380 | Abyss:1  | Reached ****** piety under Okawaru
 17428 | Abyss:1  | HP: 7/168 [hellwing (6)]
 17429 | Abyss:1  | HP: 3/168 [hellwing (5)]
 17432 | Abyss:1  | Killed from afar by a smoke demon

Illustrated notes

Levels and vault maps discovered:
D:1:      scummos_arrival_simple_crosswalls, layout_rooms
D:2:      layout_rooms, minmay_misc_feat_hallway, uniq_robin
D:3:      layout_basic, minmay_misc_feat_rows, nicolae_qazlal_general_emergency
D:4:      minmay_inner_zag, layout_layer_cave, dancing_weapons_uskayaw,
          uniq_natasha, uniq_crazy_yiuf_cottage
D:5:      layout_gridville, minmay_temple_entry_enclosed_plants, first_ration
D:6:      layout_basic, marbit_many_paths
D:7:      layout_basic, kennysheep_mini_moat, lemuel_doored_altar, nrook_uturn
D:8:      layout_loops_corners, vehumet_altar_wand_db, hangedman_ranch
          [blue_anna_fruit_fields], lemuel_flame_loot_1, uniq_psyche
D:9:      layout_loops_corners, kennysheep_little_box, minitemple,
          enter_bailey_2
D:10:     layout_roguey, kennysheep_generic_room_15, uniq_erica
D:11:     layout_cave_pools, grunt_lair_entry_orc_guard_hut, serial_shops, shop,
          portal_ice_cave_entry_animals_and_master, minmay_misc_feat_enclosed
D:12:     layout_irregular_city, minmay_orc_entry_guard_dogs,
          ploomutoo_gammafunk_ghost_potion_laboratory, serial_shops, shop,
          nicolae_shop_stone, nicolae_shop_statue_plus, shop,
          nicolae_trove_entry_crossroad
Temple:   jpeg_temple_clearing
Lair:1:   layout_roguey, uniq_urug
Lair:2:   layout_cave_pods, gammafunk_ghost_split, uniq_harold
Lair:3:   layout_regular_city, minmay_shoals_entry_beasts,
          minmay_snake_entry_guardpost_medium, lemuel_fruit_tree,
          serial_bayou_shore_b
Abyss:1:  base:
D:9

Skill      XL: |  1  2  3  4  5  6  7  8  9 10 11 12 |
---------------+-------------------------------------+-----
Staves         | 4 5 6 7 9 11 12 14 | 14.0
Armour         | 1 2 3 4 6 7 9 10 11 | 11.8
Fighting       | 3 4 5 6 8 9 10 12 | 12.1
Dodging        | 4 5 6 7 9 10 11 | 11.4
Invocations    | 1 4 6 |  6.9
Throwing       | |  2.0

Action                   |  1- 3 |  4- 6 |  7- 9 | 10-12 || total
-------------------------+-------+-------+-------+-------++-------
Melee: Quarterstaff      |    80 |    92 |    10 |   465 ||   647
       Headbutt          |    14 |    19 |    46 |   161 ||   240
       Lajatang          |       |    39 |   200 |   257 ||   496
Invok: Heroism           |       |       |       |     4 ||     4
       Finesse           |       |       |       |     4 ||     4
  Use: Scroll            |       |       |       |     8 ||     8
       Potion            |       |       |       |     2 ||     2
 Stab: Distracted        |     1 |       |       |       ||     1
  Eat: Chunk             |       |     9 |    14 |    23 ||    46
       Ration            |       |       |       |     3 ||     3
Armor: Leather armour    |    15 |    10 |    55 |    88 ||   168
       Ring mail         |       |    39 |       |       ||    39
       Chain mail        |       |       |       |   183 ||   183
       Skin              |       |       |       |     8 ||     8
Dodge: Dodged            |    61 |    93 |   122 |   391 ||   667
